 Dungeon Crawl Stone Soup version 0.19.1-1-g22dce08 (console) character file.

718 Grinner the Slasher (level 7, -2/57 HPs)
             Began as a Minotaur Monk on Jan 21, 2017.
             Slain by an ogre
             ... wielding a +0 giant club
              (32 damage)
             ... on level 4 of the Dungeon.
             The game lasted 00:08:56 (3912 turns).

Grinner the Slasher (Minotaur Monk)                 Turns: 3912, Time: 00:08:56

Health: -2/57      AC:  3    Str: 16    XL:     7   Next: 42%
Magic:  6/6        EV: 16    Int:  7    God:
Gold:   122        SH:  0    Dex: 14    Spells: 0 memorised, 6 levels left

rFire  . . .     SeeInvis .     a - +0 falchion
rCold  . . .     Gourm    +     r - +0 robe (curse)
rNeg   . . .     Faith    .     (no shield)
rPois  .         Spirit   .     (helmet restricted)
rElec  .         Reflect  .     (no cloak)
rCorr  .         Harm     .     g - +0 pair of gloves
MR     .....                    (no boots)
Stlth  ++........               e - amulet of the gourmand
                                (no ring)
                                (no ring)

@: no status effects
A: retaliatory headbutt, horns 2
a: no special abilities


You were on level 4 of the Dungeon.
You were not hungry.

You visited 1 branch of the dungeon, and saw 4 of its levels.

You collected 122 gold pieces.

Inventory:

Hand Weapons
 a - a +0 falchion (weapon)
Armour
 g - a +0 pair of gloves (worn)
 r - a cursed +0 robe (worn)
Jewellery
 e - an amulet of the gourmand (around neck)
Scrolls
 i - a scroll of enchant weapon {unknown}
 j - 2 scrolls of remove curse {unknown}
 k - a scroll of enchant armour {unknown}
 m - 3 scrolls of teleportation {unknown}
 n - 4 scrolls of blinking {unknown}
 q - 2 scrolls of recharging {unknown}
 s - a scroll of amnesia {unknown}
 t - 2 scrolls of identify {unknown}
Potions
 b - a potion of curing
 h - a potion of might {unknown}
 l - a potion of degeneration {unknown}
 o - 4 potions of lignification
Comestibles
 c - 2 bread rations
 d - a royal jelly
 f - a beef jerky
 p - 3 meat rations


   Skills:
 - Level 3.6 Fighting
 + Level 7.8 Long Blades
 + Level 7.2 Dodging
 - Level 1.5 Stealth


You had 6 spell levels left.
You didn't know any spells.

Dungeon Overview and Level Annotations

Branches:
Dungeon (4/15)
 Temple: D:4-7

Altars:
Dithmenos
Fedhas
Makhleb
Okawaru
Qazlal
Trog
Uskayaw

Shops:
D:4 [[*

Annotations:
D:4 exclusion: oklob plant


Innate Abilities, Weirdness & Mutations

You reflexively headbutt those who attack you in melee.
You have a pair of horns on your head.


Message History

The ogre is heavily wounded.
You hit the ogre.
The ogre is heavily wounded.
The ogre hits you with a giant club!
You hit the ogre.
The ogre is heavily wounded.
The ogre hits you with a giant club.
You barely miss the ogre.
The ogre is heavily wounded.
You barely miss the ogre.
The ogre is heavily wounded.
The ogre hits you with a giant club!
You hit the ogre. Your headbutt misses the ogre.
The ogre is severely wounded.
The ogre closely misses you. You furiously retaliate!
You headbutt the ogre. You hit the ogre but do no damage.
The ogre is almost dead.
The ogre hits you with a giant club!!
Ouch! That really hurt!
You die...

#.## #...######.# #.#
###'#.......[# #.#
#.+∩+.######## #.#
#.#'#.# #∩# #.#.#.#
###.# #...#.# ....#
###.#.#
#########.#.############
..........#.....@O......
########################


You could see an ogre.

Vanquished Creatures
  Sigmund (D:4)
  A howler monkey (D:3)
  3 orc priests
  A hound (D:3)
  7 orc wizards
  2 worker ants (D:4)
  4 adders
  A gnoll (D:3)
  An ooze (D:1)
  A worm (D:2)
  A leopard gecko (D:4)
  18 orcs
  7 giant cockroaches
  9 hobgoblins
  4 jackals (D:3)
  7 kobolds
  4 quokkas
  4 bats
  A frilled lizard (D:3)
  6 goblins
  27 rats
110 creatures vanquished.

Notes
Turn   | Place    | Note
-------+----------+-------------------------------------------
     0 | D:1      | Grinner the Minotaur Monk began the quest for the Orb.
     0 | D:1      | Reached XP level 1. HP: 19/19 MP: 0/0
   133 | D:1      | Reached XP level 2. HP: 19/26 MP: 1/1
   795 | D:2      | Reached XP level 3. HP: 16/31 MP: 2/2
   985 | D:3      | Reached skill level 5 in Long Blades
   985 | D:3      | Reached XP level 4. HP: 7/39 MP: 3/3
  1368 | D:3      | Reached skill level 5 in Dodging
  1409 | D:3      | Reached XP level 5. HP: 45/45 MP: 4/4
  2322 | D:3      | Reached XP level 6. HP: 21/51 MP: 5/5
  2852 | D:4      | Noticed Sigmund
  2883 | D:4      | Killed Sigmund
  2883 | D:4      | Reached XP level 7. HP: 57/57 MP: 6/6
  2961 | D:4      | Found a stormy altar of Qazlal.
  3253 | D:4      | Found a blossoming altar of Fedhas.
  3264 | D:4      | Noticed an oklob plant
  3346 | D:4      | Found Dufudec's Assorted Antiques.
  3448 | D:4      | Found Syvi's Antique Armour Shop.
  3451 | D:4      | Found Livaug's Armour Boutique.
  3470 | D:4      | Found a shadowy altar of Dithmenos.
  3552 | D:4      | Found a burning altar of Makhleb.
  3553 | D:4      | Found a bloodstained altar of Trog.
  3553 | D:4      | Found an iron altar of Okawaru.
  3622 | D:4      | Found a hide-covered altar of Uskayaw.
  3912 | D:4      | Slain by an ogre

Skill      XL: |  1  2  3  4  5  6  7 |
---------------+----------------------+-----
Long Blades    | 4 5 6 7 |  7.8
Dodging        | 4 5 6 7 |  7.2
Fighting       | |  3.6
Stealth        | |  1.5

Action                   |  1- 3 |  4- 6 |  7- 9 || total
-------------------------+-------+-------+-------++-------
Melee: Falchion          |    66 |   188 |    58 ||   312
       Headbutt          |    12 |    31 |     6 ||    49
  Use: Potion            |       |     7 |     1 ||     8
 Stab: Sleeping          |     4 |     2 |       ||     6
  Eat: Chunk             |       |     6 |     6 ||    12
Armor: Robe              |    12 |    21 |     6 ||    39
       Skin              |       |     9 |       ||     9
Dodge: Dodged            |    37 |   127 |    30 ||   194
       Rpst.: Falchion   |     8 |    31 |     8 ||    47
